[Event "19th IPCA WCC 2019"]
[Site "Ruzomberok"]
[Date "2019.07.06"]
[Round "9.7"]
[White "Kovacevic, Krsto"]
[Black "Gedgafov, Chamal"]
[Result "1-0"]
[ECO "C00"]
[WhiteElo "2049"]
[BlackElo "2163"]
[Annotator "NA"]
[PlyCount "91"]
[EventDate "2019.06.28"]
[EventType "swiss"]
[EventCountry "SVK"]
[SourceTitle "playchess.com"]
[Source "ChessBase"]
[SourceQuality "1"]
[TimeControl "5400+30"]

1. e4 e6 2. d3 c5 3. Nf3 Nc6 4. g3 d6 5. Bg2 Nf6 6. O-O Be7 7. c3 O-O 8. Re1 Qc7 9. d4 e5 10. h3 Rb8 11. a4 a6 12. Na3 b5 13. axb5 axb5 14. d5 Na5 15. b4 cxb4 16. cxb4 Nc4 17. Bf1 Bd7 18. Qb3 Rfc8 19. Bg5 Qd8 20. Bxf6 Bxf6 21. Kg2 Nxa3 22. Rxa3 Rc7 23. Qe3 g6 24. Raa1 Rbc8 25. Rec1 Bg7 26. Rxc7 Qxc7 27. Ra7 Qd8 28. Rb7 Rb8 29. Qa7 Bxh3+ 30. Kxh3 Ra8 31. Qb6 Qc8+ 32. Kg2 Qc2 33. Rb8+ Rxb8 34. Qxb8+ Bf8 35. Qxb5 Qxe4 36. Qc4 Qxc4 37. Bxc4 Be7 38. Nd2 f5 39. Bb5 e4 40. Bc6 Kf7 41. Nc4 Bf6 42. b5 Bd4 43. Nxd6+ Kf6 44. Nc8 g5 45. d6 Ke6 46. d7 1-0

[Event "19th IPCA WCC 2019"]
[Site "Ruzomberok"]
[Date "2019.07.06"]
[Round "9.8"]
[White "Alekseev, Mikhail"]
[Black "Obodchuk, Andrei"]
[Result "0-1"]
[ECO "A85"]
[WhiteElo "1869"]
[BlackElo "2316"]
[Annotator "NA"]
[PlyCount "96"]
[EventDate "2019.06.28"]
[EventType "swiss"]
[EventCountry "SVK"]
[SourceTitle "playchess.com"]
[Source "ChessBase"]
[SourceQuality "1"]
[TimeControl "5400+30"]

1. d4 f5 2. c4 Nf6 3. Nc3 e6 4. g3 Bb4 5. Bg2 O-O 6. Nh3 Bxc3+ 7. bxc3 d6 8. O-O Qe7 9. Nf4 Nc6 10. c5 d5 11. h4 Ne4 12. c4 dxc4 13. Bxe4 fxe4 14. Qc2 Nxd4 15. Qxc4 Nc6 16. Bb2 Rxf4 17. gxf4 Qxh4 18. Qc3 e5 19. fxe5 Be6 20. Qg3 Qh5 21. f3 e3 22. Kg2 Rf8 23. Rh1 Qf5 24. Rac1 Ne7 25. Qg4 Qxg4+ 26. fxg4 Bd5+ 27. Kg3 Bxh1 28. Rxh1 Nc6 29. Rd1 Rd8 30. Rxd8+ Nxd8 31. Bc1 Kf7 32. Bxe3 Ke6 33. Kf4 Nc6 34. Ke4 Nxe5 35. Bd4 Nxg4 36. Bxg7 Nf6+ 37. Kf3 Kf5 38. Bh6 c6 39. Be3 Ke5 40. Bg5 Ne4 41. Be7 h5 42. Bf8 Kd5 43. Kf4 Nxc5 44. Kf5 Ne4 45. Bg7 Ng3+ 46. Kg5 Nxe2 47. Kxh5 c5 48. Kg4 {[%emt 0:00:31] Ke5} Ke4 0-1

[Event "19th IPCA WCC 2019"]
[Site "Ruzomberok"]
[Date "2019.07.06"]
[Round "9.9"]
[White "Juvan, Jaka"]
[Black "Gerasimova, Svetlana"]
[Result "1-0"]
[ECO "B38"]
[WhiteElo "2168"]
[BlackElo "1913"]
[Annotator "NA"]
[PlyCount "103"]
[EventDate "2019.06.28"]
[EventType "swiss"]
[EventCountry "SVK"]
[SourceTitle "playchess.com"]
[Source "ChessBase"]
[SourceQuality "1"]
[TimeControl "5400+30"]

1. e4 c5 2. Nf3 Nc6 3. d4 cxd4 4. Nxd4 g6 5. c4 Bg7 6. Be3 Nh6 7. Nc3 O-O 8. Be2 d6 9. O-O f5 10. exf5 Nxf5 11. Nxf5 Bxf5 12. Qd2 Rc8 13. Rfd1 Qa5 14. Rac1 Rf7 15. a3 Ne5 16. Nb5 Qxd2 17. Rxd2 a6 18. Nd4 Bd7 19. h3 b5 20. c5 dxc5 21. Nf3 Nxf3+ 22. Bxf3 Bxh3 23. Bb7 Rb8 24. Bxa6 Rb6 25. gxh3 Rxa6 26. Rxc5 Rf5 27. Rd8+ Kf7 28. Rxf5+ gxf5 29. Bd4 Bxd4 30. Rxd4 Rb6 31. Rb4 Ke8 32. f4 Kd7 33. Kf2 Kc6 34. Rb3 Rb7 35. Re3 Kd6 36. Rb3 Kc6 37. Ke3 e6 38. Kd4 Kd6 39. Rb4 Kc6 40. Ke5 Rg7 41. Kxe6 Rg3 42. h4 Rh3 43. Kxf5 Rxh4 44. Kg5 Rh2 45. f5 h5 46. f6 Kd6 47. Rxb5 h4 48. Rf5 h3 49. f7 Rg2+ 50. Kh4 h2 51. f8=Q+ Ke6 52. Qf7+ 1-0

[Event "19th IPCA WCC 2019"]
[Site "Ruzomberok"]
[Date "2019.07.06"]
[Round "9.10"]
[White "Kaydanovich, Marina"]
[Black "Glazar, Domagoj"]
[Result "0-1"]
[ECO "A61"]
[WhiteElo "1760"]
[BlackElo "2153"]
[Annotator "NA"]
[PlyCount "92"]
[EventDate "2019.06.28"]
[EventType "swiss"]
[EventCountry "SVK"]
[SourceTitle "playchess.com"]
[Source "ChessBase"]
[SourceQuality "1"]
[TimeControl "5400+30"]

1. d4 Nf6 2. c4 e6 3. Nf3 c5 4. d5 exd5 5. cxd5 d6 6. Nc3 g6 7. e4 Bg7 8. Bb5+ Nbd7 9. O-O O-O 10. Bf4 Qb6 11. Qc2 Nh5 12. Be3 Qc7 13. a4 a6 14. Be2 Nhf6 15. h3 Re8 16. Nd2 Rb8 17. a5 b5 18. axb6 Rxb6 19. Nc4 Rb4 20. Bf4 Bf8 21. Bd3 Nb6 22. Na5 Nfxd5 23. Bd2 Nf6 24. Nd1 Rd4 25. Bc3 Rxd3 26. Qxd3 Nxe4 27. Ne3 Nxc3 28. bxc3 Bg7 29. Ra3 Rd8 30. Nd5 Nxd5 31. Qxd5 Bxc3 32. Rxc3 Qxa5 33. Re3 Qc7 34. Qg5 Kg7 35. Re7 Rd7 36. Re8 Bb7 37. Rfe1 d5 38. R1e7 d4 39. Rxd7 Qxd7 40. Qe5+ Kh6 41. Re7 Qd5 42. Qf4+ Kg7 43. f3 d3 44. Qd2 Qd4+ 45. Kf1 Bc6 46. Rc7 Bb5 0-1

[Event "19th IPCA WCC 2019"]
[Site "Ruzomberok"]
[Date "2019.07.06"]
[Round "9.11"]
[White "Wielecki, Zygmunt"]
[Black "Kozicz, Andrzej"]
[Result "1/2-1/2"]
[ECO "B28"]
[WhiteElo "2145"]
[BlackElo "1979"]
[Annotator "NA"]
[PlyCount "43"]
[EventDate "2019.06.28"]
[EventType "swiss"]
[EventCountry "SVK"]
[SourceTitle "playchess.com"]
[Source "ChessBase"]
[SourceQuality "1"]
[TimeControl "5400+30"]

1. e4 c5 2. Nf3 a6 3. c4 d6 4. d4 cxd4 5. Nxd4 e6 6. Nc3 Nf6 7. Be2 Be7 8. O-O O-O 9. Be3 Bd7 10. Qd2 Nc6 11. f3 Rc8 12. Rfd1 Nxd4 13. Bxd4 e5 14. Be3 Bc6 15. b4 Kh8 16. a4 Rg8 17. b5 Bd7 18. a5 Be6 19. bxa6 bxa6 20. Nd5 Nxd5 21. cxd5 Bf6 22. Rab1 1/2-1/2

[Event "19th IPCA WCC 2019"]
[Site "Ruzomberok"]
[Date "2019.07.06"]
[Round "9.12"]
[White "Zicho, Anton"]
[Black "Zavarsky, Juraj"]
[Result "1/2-1/2"]
[ECO "B59"]
[WhiteElo "1662"]
[BlackElo "2000"]
[Annotator "NA"]
[PlyCount "169"]
[EventDate "2019.06.28"]
[EventType "swiss"]
[EventCountry "SVK"]
[SourceTitle "playchess.com"]
[Source "ChessBase"]
[SourceQuality "1"]
[TimeControl "5400+30"]

1. e4 c5 2. Nf3 Nc6 3. d4 cxd4 4. Nxd4 Nf6 5. Nc3 d6 6. Be2 e5 7. Nb3 Be7 8. O-O O-O 9. Be3 Be6 10. f3 Na5 11. Qd3 Nc4 12. Bc1 Rc8 13. Nd1 d5 14. exd5 Nxd5 15. c3 Qb6+ 16. Kh1 Rfd8 17. Qc2 Nd6 18. Bd3 g6 19. Qf2 Qxf2 20. Nxf2 f5 21. Re1 Nf7 22. Kg1 Bd7 23. Kf1 Bh4 24. g3 Bf6 25. Na5 b6 26. Nc4 Bc6 27. Be2 Bb5 28. Ne3 Bxe2+ 29. Kxe2 Ne7 30. Ng2 Nd6 31. Rd1 Kf7 32. Ne3 h5 33. Nd5 Nxd5 34. Rxd5 Nc4 35. Rxd8 Rxd8 36. b3 Nd6 37. Bd2 h4 38. Rc1 Nb7 39. c4 Be7 40. Nd3 Ke6 41. Be3 hxg3 42. hxg3 Rh8 43. Rf1 Bd6 44. Bg5 Rh3 45. Rg1 Rh2+ 46. Nf2 f4 47. gxf4 exf4 48. Kf1 Bc5 49. Rg2 Rxg2 50. Kxg2 Kf5 51. Ne4 Bb4 52. Bh4 Na5 53. Kf2 Nc6 54. Bf6 Ne5 55. Ke2 Nd7 56. Bb2 g5 57. a3 Be7 58. Nf2 Nf6 59. Nd3 Nh5 60. Kf2 Bd6 61. b4 Nf6 62. Bd4 Nd7 63. Ke2 g4 64. fxg4+ Kxg4 65. Kf2 Be7 66. Ne5+ Nxe5 67. Bxe5 Bh4+ 68. Kf1 Kf5 69. Bb8 a6 70. Bc7 b5 71. c5 Bf6 72. Ba5 Ke6 73. Kf2 Bb2 74. Kf3 Bxa3 75. Kxf4 Kd5 76. Ke3 Bb2 77. Kd3 Bf6 78. Bb6 Be5 79. Bd8 Bb2 80. Ba5 Bd4 81. Bb6 Bg1 82. Kc3 Kc6 83. Ba5 Bxc5 84. bxc5 Kxc5 85. Kb3 1/2-1/2

[Event "19th IPCA WCC 2019"]
[Site "Ruzomberok"]
[Date "2019.07.06"]
[Round "9.13"]
[White "Sovetov, Oleksandr"]
[Black "Tsapalin, Sergey"]
[Result "1-0"]
[ECO "A57"]
[WhiteElo "2009"]
[BlackElo "1935"]
[Annotator "NA"]
[PlyCount "69"]
[EventDate "2019.06.28"]
[EventType "swiss"]
[EventCountry "SVK"]
[SourceTitle "playchess.com"]
[Source "ChessBase"]
[SourceQuality "1"]
[TimeControl "5400+30"]

1. d4 Nf6 2. c4 c5 3. d5 b5 4. Nf3 g6 5. cxb5 a6 6. b6 Qxb6 7. Nc3 Bg7 8. e4 d6 9. Nd2 O-O 10. Qb3 Qxb3 11. Nxb3 a5 12. Nd2 Ba6 13. f3 Nfd7 14. Nc4 Bxc4 15. Bxc4 Nb6 16. Bb5 a4 17. a3 Ra5 18. Be2 N8d7 19. Bd2 Raa8 20. Bg5 Bf6 21. Bxf6 Nxf6 22. Bb5 Rfb8 23. O-O-O Nfd7 24. f4 Nf6 25. Rhe1 Nh5 26. g3 Ng7 27. g4 Rd8 28. e5 e6 29. exd6 Rxd6 30. Ne4 Rdd8 31. Nf6+ Kh8 32. d6 Ra5 33. Bc6 c4 34. Re5 Nd5 35. Nxd5 1-0

[Event "19th IPCA WCC 2019"]
[Site "Ruzomberok"]
[Date "2019.07.06"]
[Round "9.14"]
[White "Jennitha, Anto K."]
[Black "Belak, Stefan"]
[Result "1-0"]
[ECO "A06"]
[WhiteElo "1972"]
[BlackElo "1851"]
[Annotator "NA"]
[PlyCount "109"]
[EventDate "2019.06.28"]
[EventType "swiss"]
[EventCountry "SVK"]
[SourceTitle "playchess.com"]
[Source "ChessBase"]
[SourceQuality "1"]
[TimeControl "5400+30"]

1. Nf3 d5 2. g3 c6 3. Bg2 e6 4. O-O f5 5. d3 Nf6 6. b3 Be7 7. Bb2 O-O 8. Nbd2 Qe8 9. Ne5 Nbd7 10. Ndf3 Qh5 11. Qd2 Nxe5 12. Nxe5 Ng4 13. h3 Nxe5 14. Bxe5 Bf6 15. Qe3 Qg6 16. Kh2 Bxe5 17. Qxe5 Qf6 18. Qxf6 Rxf6 19. d4 Bd7 20. e3 h5 21. h4 g6 22. Rfc1 Rff8 23. Bf1 Kg7 24. c4 a5 25. a3 Ra7 26. Kg2 Kf6 27. Kf3 Rc8 28. Kf4 Rb8 29. Be2 Rba8 30. Rc3 Re8 31. Rd1 Re7 32. f3 Ra8 33. g4 hxg4 34. fxg4 Rh7 35. g5+ Ke7 36. Rh1 Rah8 37. Kg3 Kd6 38. c5+ Ke7 39. Bf3 e5 40. Rc2 f4+ 41. exf4 exf4+ 42. Kxf4 Rxh4+ 43. Rxh4 Rxh4+ 44. Ke5 Bf5 45. Re2 Bd3 46. Re1 Bc2 47. b4 axb4 48. axb4 Bf5 49. Rh1 Rxh1 50. Bxh1 Bd3 51. Bf3 Bf1 52. Bd1 Bd3 53. Ba4 Be2 54. Bc2 Bh5 55. Bd3 1-0

[Event "19th IPCA WCC 2019"]
[Site "Ruzomberok"]
[Date "2019.07.06"]
[Round "9.15"]
[White "Matana, Zoran"]
[Black "Roehrig, Uwe"]
[Result "0-1"]
[ECO "E71"]
[WhiteElo "1818"]
[BlackElo "1802"]
[Annotator "NA"]
[PlyCount "74"]
[EventDate "2019.06.28"]
[EventType "swiss"]
[EventCountry "SVK"]
[SourceTitle "playchess.com"]
[Source "ChessBase"]
[SourceQuality "1"]
[TimeControl "5400+30"]

1. d4 Nf6 2. c4 g6 3. Nc3 Bg7 4. e4 d6 5. h3 Nbd7 6. Be2 O-O 7. Be3 h6 8. f4 c5 9. d5 a6 10. Qd2 Kh7 11. g4 Ne8 12. Nf3 Rb8 13. h4 Qa5 14. h5 Ndf6 15. hxg6+ fxg6 16. Ng5+ Kg8 17. Ne6 Bxe6 18. dxe6 Nc7 19. g5 Nfe8 20. gxh6 Bxc3 21. bxc3 Nxe6 22. Bg4 N6c7 23. f5 gxf5 24. Bxf5 b5 25. Qg2+ Kh8 26. Qb2 e6 27. Bg4 Nf6 28. Bf3 bxc4 29. Qc2 Qb5 30. Bc1 e5 31. Qd2 Qd7 32. Qg5 Ne6 33. Qh4 d5 34. Bg5 Nxg5 35. Qxg5 dxe4 36. Bxe4 Nxe4 37. Qxe5+ Nf6 0-1

[Event "19th IPCA WCC 2019"]
[Site "Ruzomberok"]
[Date "2019.07.06"]
[Round "9.16"]
[White "Samarth J Rao"]
[Black "Pilimon, Zbigniew"]
[Result "1-0"]
[ECO "D05"]
[WhiteElo "1593"]
[BlackElo "1670"]
[Annotator "NA"]
[PlyCount "71"]
[EventDate "2019.06.28"]
[EventType "swiss"]
[EventCountry "SVK"]
[SourceTitle "playchess.com"]
[Source "ChessBase"]
[SourceQuality "1"]
[TimeControl "5400+30"]

1. d4 d5 2. e3 Nf6 3. Bd3 e6 4. f4 Bd6 5. Nf3 O-O 6. Nbd2 b6 7. O-O Bb7 8. Ne5 Nbd7 9. Qf3 c5 10. c3 h6 11. g4 Nh7 12. Qh3 Ndf6 13. Rf3 Ne4 14. Qg2 Bxe5 15. dxe5 f5 16. exf6 Qxf6 17. Rh3 Qg6 18. Nf3 Nhf6 19. Ne5 Qe8 20. g5 hxg5 21. fxg5 Nd7 22. Bxe4 dxe4 23. g6 Rf6 24. Nf7 Rxf7 25. gxf7+ Qxf7 26. Bd2 Rf8 27. c4 Ne5 28. Bc3 Nf3+ 29. Kh1 e5 30. Rd1 Qe7 31. Qg6 Rf6 32. Qh7+ Kf7 33. Rg3 Ke6 34. Rxg7 Rf7 35. Rxf7 Qxf7 36. Rd6+ 1-0

[Event "19th IPCA WCC 2019"]
[Site "Ruzomberok"]
[Date "2019.07.06"]
[Round "9.17"]
[White "Spirka, Jan"]
[Black "Engel, Katalin"]
[Result "0-1"]
[ECO "C02"]
[WhiteElo "1366"]
[BlackElo "1537"]
[Annotator "NA"]
[PlyCount "102"]
[EventDate "2019.06.28"]
[EventType "swiss"]
[EventCountry "SVK"]
[SourceTitle "playchess.com"]
[Source "ChessBase"]
[SourceQuality "1"]
[TimeControl "5400+30"]

1. e4 e6 2. d4 d5 3. e5 c5 4. Be3 Qb6 5. b3 Nc6 6. Nc3 cxd4 7. Na4 Qb4+ 8. Bd2 Qe7 9. Bb5 Bd7 10. Nf3 a6 11. Nb6 Rb8 12. Nxd7 Qxd7 13. Bxc6 bxc6 14. Nxd4 c5 15. Nf3 Qb5 16. a4 Qc6 17. O-O Ne7 18. Ng5 g6 19. Qf3 Nf5 20. g4 h6 21. Nh3 Nd4 22. Qd3 Qc7 23. Rae1 Bg7 24. Nf4 O-O 25. b4 Nc6 26. bxc5 Nxe5 27. Qg3 Qxc5 28. Bc3 d4 29. Bd2 Qxc2 30. Ba5 Rb3 31. f3 Qc5 32. Bd2 Nd3 33. Nxd3 Rxd3 34. Bf4 Qc4 35. Rc1 Qxa4 36. Be5 f6 37. Bd6 Re8 38. Ra1 Qc6 39. Rac1 Rc3 40. Rcd1 d3 41. Bb4 Qb6+ 42. Kg2 Qxb4 43. Rb1 Rb3 44. Rbd1 f5 45. gxf5 exf5 46. Qxg6 Re2+ 47. Rf2 Rxf2+ 48. Kxf2 Qd4+ 49. Kg2 Rb2+ 50. Kg3 Qe5+ 51. Kh3 Qxh2# 0-1

[Event "19th IPCA WCC 2019"]
[Site "Ruzomberok"]
[Date "2019.07.06"]
[Round "9.18"]
[White "Pamarthi Audietya Aazadh"]
[Black "Frumin, Rebeka"]
[Result "1-0"]
[ECO "B45"]
[WhiteElo "1346"]
[BlackElo "1398"]
[Annotator "NA"]
[PlyCount "83"]
[EventDate "2019.06.28"]
[EventType "swiss"]
[EventCountry "SVK"]
[SourceTitle "playchess.com"]
[Source "ChessBase"]
[SourceQuality "1"]
[TimeControl "5400+30"]

1. e4 c5 2. Nf3 e6 3. Nc3 Nc6 4. d4 cxd4 5. Nxd4 Nge7 6. Bb5 g6 7. O-O Bg7 8. Be3 O-O 9. Nce2 a6 10. Ba4 Ne5 11. c3 N7c6 12. Bb3 b5 13. Qc1 Re8 14. Bh6 Bh8 15. h3 Bb7 16. Ng3 Rc8 17. Qd1 g5 18. f4 gxf4 19. Bxf4 Ng6 20. Nxc6 Bxc6 21. Qg4 Qh4 22. Qxh4 Nxh4 23. Bg5 Ng6 24. Rae1 b4 25. Bf6 bxc3 26. bxc3 Bb5 27. c4 Bxc4 28. Bxc4 Rxc4 29. Nh5 Rb8 30. Bxh8 Nxh8 31. Nf6+ Kg7 32. Re3 Rb7 33. Ne8+ Kf8 34. Nd6 Rbc7 35. Nxc4 Rxc4 36. Rb1 Ke7 37. Rb6 Ra4 38. a3 Ng6 39. Rb4 Ra5 40. Rb7 Ne5 41. Rg3 Rxa3 42. Rxa3 1-0

[Event "19th IPCA WCC 2019"]
[Site "Ruzomberok"]
[Date "2019.07.06"]
[Round "9.19"]
[White "Sovietova, Kateryna"]
[Black "Angappan A"]
[Result "0-1"]
[ECO "D00"]
[WhiteElo "1279"]
[BlackElo "1267"]
[Annotator "NA"]
[PlyCount "112"]
[EventDate "2019.06.28"]
[EventType "swiss"]
[EventCountry "SVK"]
[SourceTitle "playchess.com"]
[Source "ChessBase"]
[SourceQuality "1"]
[TimeControl "5400+30"]

1. d4 d5 2. Bf4 e6 3. e3 Nf6 4. h3 Be7 5. Nf3 O-O 6. Bd3 b6 7. O-O Bb7 8. Ne5 Nbd7 9. Nd2 c5 10. c3 a6 11. Ndf3 b5 12. Nxd7 Qxd7 13. Ne5 Qd8 14. Re1 Rc8 15. a3 b4 16. axb4 cxb4 17. Bxa6 Bxa6 18. Rxa6 bxc3 19. Rc6 cxb2 20. Rxc8 Qxc8 21. Nd3 Ba3 22. f3 Qc3 23. Qb1 Rc8 24. Kh2 Qc2 25. Nxb2 Qxb2 26. Qxb2 Bxb2 27. Rb1 Ba3 28. Rb3 Bf8 29. Be5 h6 30. g4 Rd8 31. Rc3 Bd6 32. Bxd6 Rxd6 33. Rc8+ Kh7 34. Rc7 Rd7 35. Rc3 Rb7 36. Kg3 Kg6 37. h4 h5 38. gxh5+ Nxh5+ 39. Kf2 Rb2+ 40. Ke1 Rh2 41. e4 Rxh4 42. exd5 exd5 43. Rd3 f5 44. Kf2 Rh2+ 45. Ke1 Nf4 46. Ra3 Kg5 47. Ra7 g6 48. Ra1 Rh1+ 49. Kf2 Rxa1 50. Kg3 Rf1 51. Kh2 Rxf3 52. Kg1 Kg4 53. Kh2 Rf2+ 54. Kh1 Kg3 55. Kg1 Ne2+ 56. Kh1 Rf1# 0-1

[Event "19th IPCA WCC 2019"]
[Site "Ruzomberok"]
[Date "2019.07.06"]
[Round "9.21"]
[White "Wollner, Bohus"]
[Black "Felegyi, Karoly"]
[Result "0-1"]
[ECO "D31"]
[WhiteElo "1222"]
[BlackElo "1674"]
[Annotator "NA"]
[PlyCount "37"]
[EventDate "2019.06.28"]
[EventType "swiss"]
[EventCountry "SVK"]
[SourceTitle "playchess.com"]
[Source "ChessBase"]
[SourceQuality "1"]
[TimeControl "5400+30"]

1. d4 d5 2. c4 e6 3. Nc3 Bb4 4. Bd2 Bxc3 5. Bxc3 Nf6 6. Nh3 Ne4 7. Bb4 Nc6 8. Ba3 Nd6 9. c5 Nc4 10. e3 Nxa3 11. bxa3 O-O 12. Be2 e5 13. O-O Bxh3 14. gxh3 exd4 15. Qd3 Qg5+ 16. Kh1 dxe3 17. fxe3 Rae8 18. Rg1 Qxe3 19. Qxe3 0-1

[Event "19th IPCA WCC 2019"]
[Site "Ruzomberok"]
[Date "2019.07.06"]
[Round "9.22"]
[White "Korber, Antonin"]
[Black "Kostova, Erika"]
[Result "1-0"]
[ECO "C00"]
[WhiteElo "1759"]
[BlackElo "1210"]
[Annotator "NA"]
[PlyCount "73"]
[EventDate "2019.06.28"]
[EventType "swiss"]
[EventCountry "SVK"]
[SourceTitle "playchess.com"]
[Source "ChessBase"]
[SourceQuality "1"]
[TimeControl "5400+30"]

1. e4 e6 2. Nf3 d5 3. exd5 exd5 4. Be2 Nf6 5. O-O Be7 6. d4 c6 7. Re1 Be6 8. c3 O-O 9. Qc2 h6 10. Bd3 Kh8 11. Ne5 Qd6 12. Bf4 Qd8 13. Ng6+ Kg8 14. Nxf8 Qxf8 15. Nd2 Bd6 16. Bxd6 Qxd6 17. Nf3 Nbd7 18. Re2 Re8 19. Rae1 Nf8 20. Ne5 Qc7 21. f4 Bg4 22. Re3 Bh5 23. h3 Ne6 24. g4 Nxf4 25. gxh5 Nxd3 26. Qxd3 Nxh5 27. Ng4 Rf8 28. Qf5 Nf4 29. Nxh6+ gxh6 30. Re7 Qd6 31. Rd7 Qg6+ 32. Qxg6+ fxg6 33. Kh2 Nd3 34. Ree7 Rf2+ 35. Kg3 Rf8 36. Rg7+ Kh8 37. Rh7+ 1-0